 Dungeon Crawl Stone Soup version 0.31-a0-1300-gb6740aa4e6 (webtiles) character file.

Game seed: 13167959721344463621

371 LeprechaunX the Changeling (level 6, -3/42 HPs)
             Began as an Octopode Shapeshifter on Dec 18, 2023.
             Slain by a gnoll
             ... wielding a +0 spear
              (7 damage)
             ... on level 4 of the Dungeon.
             The game lasted 00:03:08 (2651 turns).

LeprechaunX the Changeling (Octopode Shapeshifter)  Turns: 2651, Time: 00:03:08

Health: -3/42      AC:  1    Str: 21    XL:     6   Next: 71%
Magic:  6/6        EV: 13    Int: 13    God:
Gold:   158        SH:  0    Dex: 11    Spells: 5/5 levels left

rFire   + .          .
                       - Unarmed
rCold   . . .        (no shield)
rNeg    . . .        (helmet currently unavailable)
rPois   .            (no amulet)
rElec   .            j - ring of protection from fire
rCorr   .            p - +6 ring of strength
SInv    .            (no ring)
Will    .....        (no ring)
Stlth   ++           (no ring)
HPRegen 0.27/turn    (no ring)
MPRegen 0.10/turn    (no ring)
                     (no ring)

%: no passive effects
@: beast-form
A: beast (slay +2), almost no armour, amphibious, 8 rings, camouflage 1,
gelatinous body 1, (nimble swimmer 1), tentacles
a: Begin Untransformation


You were on level 4 of the Dungeon.
You were a hulking beast.
You visited 1 branch of the dungeon, and saw 4 of its levels.

You collected 158 gold pieces.

Inventory:

Hand Weapons
 a - a +0 heavy sling
Jewellery
 j - a ring of protection from fire (left tentacle)
 p - a +6 ring of strength (right tentacle)
Talismans
 b - a beast talisman
 c - a flux talisman
Wands
 k - a wand of paralysis (10)
 n - a wand of polymorph (5)
Scrolls
 e - 2 scrolls of identify {unknown}
 i - a scroll of summoning {unknown}
 l - a scroll of poison {unknown}
 o - a scroll of enchant weapon {unknown}
 q - a scroll of fog {unknown}
 r - a scroll of enchant armour {unknown}
Potions
 d - a potion of invisibility {unknown}
 f - a potion of heal wounds {unknown}
 g - 3 potions of curing {unknown}
 h - a potion of enlightenment {unknown}
 m - a potion of lignification
 s - a potion of resistance {unknown}
 t - a potion of mutation {unknown}


   Skills:
 + Level 3.0 Fighting
 - Level 2.0 Dodging
 + Level 4.2 Unarmed Combat
 + Level 2.5 Evocations
 * Level 4.9 Shapeshifting


You had 5 spell levels left.
You didn't know any spells.
Your spell library contained the following spells:

 Spells                   Type           Power      Damage    Failure   Level
 Apportation              Tloc           0%         N/A       30%         1
 Necrotise                Necr           0%         1d4       30%         1
 Summon Small Mammal      Summ           0%         N/A       30%         1
 Ensorcelled Hibernation  Hex/Ice        0%         N/A       43%         2
 Passwall                 Tmut/Erth      0%         N/A       43%         2
 Poisonous Vapours        Pois/Air       0%         N/A       43%         2
 Scorch                   Fire           0%         2d5       43%         2
 Mephitic Cloud           Conj/Pois/Air  0%         N/A       67%         3
 Swiftness                Air            0%         N/A       67%         3
 Flame Wave               Conj/Fire      0%         2d4       97%         4
 Freezing Cloud           Conj/Ice/Air   0%         6-21      100%        5
 Summon Forest            Summ/Tloc      0%         N/A       100%        5
 Summon Mana Viper        Hex/Summ       0%         N/A       100%        5
 Summon Cactus Giant      Summ           0%         N/A       100%        6


Dungeon Overview and Level Annotations

Branches:
Dungeon (4/15)
 Temple: D:4-7

Altars:
Gozag
Kikubaaqudgha
Uskayaw
Zin

Annotations:
D:4 1 transporter, domi's ghost, amateur SpHu


Innate Abilities, Weirdness & Mutations

You are a hulking beast.
Your limbs bulge with bestial killing power. (Slay +2)
You cannot wear most types of armour.
You are amphibious.
You can wear up to eight rings at the same time.
Your skin changes colour to match your surroundings (Stealth+).
Your rubbery body absorbs attacks. (AC +1, EV +1)
((You are camouflaged when in or above water. (Stealth+)))
You have tentacles for arms and can constrict up to eight enemies at once.


Message History

The ball python constricts you.
A gnoll comes into view. It is wielding a +0 spear.
The ball python barely misses you. The ball python constricts you.
You tentacle-slap the ball python.
You kill the ball python!
A gnoll comes into view. It is wielding a +0 spear.
The gnoll misses you.
You barely miss the gnoll. You grab the gnoll. You constrict the gnoll.
The gnoll barely misses you.
You bludgeon the gnoll! You squeeze the gnoll.
The gnoll is almost dead.
You constrict the gnoll. You bludgeon the gnoll!
You kill the gnoll!
The gnoll barely misses you.
Unknown command.
The gnoll attacks as it pursues you!
The gnoll hits you from afar with a +0 spear.
The gnoll attacks as it pursues you!
The gnoll hits you from afar with a +0 spear.
The gnoll misses you. The gnoll hits you with a +0 spear.
You tentacle-slap the gnoll. Your grab misses the gnoll.
You tentacle-slap the gnoll.
The gnoll is heavily wounded.
The gnoll hits you with a +0 spear! The gnoll barely misses you.
You bludgeon the gnoll! Your grab misses the gnoll.
The gnoll is severely wounded.
The gnoll hits you with a +0 spear!
The gnoll hits you from afar with a +0 spear.
The gnoll hits you with a +0 spear.
* * * LOW HITPOINT WARNING * * *
You tentacle-slap the gnoll. Your grab misses the gnoll.
The gnoll is almost dead.
The gnoll misses you. The gnoll hits you with a +0 spear.
* * * LOW HITPOINT WARNING * * *
You closely miss the gnoll. You grab the gnoll.
The gnoll is almost dead.
You constrict the gnoll. The gnoll barely misses you.
The gnoll hits you with a +0 spear!
You die...

. ... ....########
....g..†...# ###### #)..#.#
.....# ###.#.# ####.# #.#.#
#.# #hg.#
####.############..#######
..................g.......
###..............#.######
#..............#.#
###..............#.## #####
....................###...#
###()...........†##.......#
#.)............#####....#


You could see 2 gnolls.

Vanquished Creatures
  A black bear (D:4)
  2 scorpions (D:4)
  An orc priest (D:3)
  Natasha (D:4)
  A gnoll (D:4)
  3 adders
  3 worms
  2 dart slugs
  4 orcs
  7 ball pythons
  8 endoplasms
  5 giant cockroaches
  4 goblins
  3 hobgoblins
  2 jackals (D:2)
  5 quokkas
  2 bats (D:2)
  2 frilled lizards (D:1)
  9 kobolds
  3 rats
68 creatures vanquished.

Notes
Turn   | Place    | Note
-------+----------+-------------------------------------------
     0 | D:1      | LeprechaunX the Octopode Shapeshifter began the quest for
                  | the Orb.
     0 | D:1      | Reached XP level 1. HP: 13/13 MP: 1/1
   130 | D:1      | Reached XP level 2. HP: 18/18 MP: 2/2
   697 | D:2      | Reached XP level 3. HP: 17/23 MP: 3/3
  1314 | D:2      | Found an opulent altar of Gozag.
  1666 | D:3      | Reached XP level 4. HP: 28/29 MP: 4/4
  1830 | D:3      | Found a glowing silver altar of Zin.
  1838 | D:3      | Found an ancient bone altar of Kikubaaqudgha.
  1873 | D:3      | Reached skill level 1 in Evocations
  1910 | D:3      | Found a hide-covered altar of Uskayaw.
  2144 | D:4      | Noticed a scorpion
  2151 | D:4      | Killed a scorpion
  2152 | D:4      | Reached XP level 5. HP: 35/35 MP: 5/5
  2163 | D:4      | Noticed a black bear
  2170 | D:4      | Killed a black bear
  2171 | D:4      | Reached XP level 6. HP: 20/41 MP: 6/6
  2296 | D:4      | Found a transporter.
  2309 | D:4      | Noticed domi's ghost (amateur SpHu)
  2322 | D:4      | Noticed Natasha
  2325 | D:4      | Killed Natasha
  2651 | D:4      | Slain by a gnoll

Illustrated notes

Levels and vault maps discovered:
D:1:      minmay_arrival_split_and_join, layout_basic, serial_park_tiny_pond,
          chequers_serial_rivers_micro_c
D:2:      layout_basic, basic_altar, kennysheep_generic_room_6
D:3:      layout_basic, eat_drink_and_be_merry_uskayaw, jmf_multi_god_temple,
          minmay_misc_feat_five
D:4:      layout_basic, mainiacjoe_overflow_concentric_impassable,
          elyvilon_altar_1, gammafunk_ghost_gnarly_gnolls, hex_medium,
          uniq_natasha

Skill      XL: |  1  2  3  4  5  6 |
---------------+-------------------+-----
Fighting       | 2 3 |  3.0
Evocations     | 1 2 |  2.5
Shapeshifting  | 4 |  4.9
Unarmed Combat | 4 |  4.2
Dodging        | |  2.0

Action                     |  1- 3 |  4- 6 || total
---------------------------+-------+-------++-------
  Melee: Unarmed           |    77 |    59 ||   136
         Constrict         |    17 |    16 ||    33
         Tentacles         |    10 |    15 ||    25
         Punch             |     2 |     4 ||     6
   Fire: Sling             |       |     9 ||     9
   Stab: Sleeping          |     7 |     3 ||    10
 Armour: Skin              |    29 |    32 ||    61
  Dodge: Dodged            |    47 |    35 ||    82

Table legend: (Time is in decaauts)
 A = Elapsed time spent in this place.
 B = Non-inter-level travel time spent in this place.
 C = Inter-level travel time spent in this place.
 D = Time resting spent in this place.
 E = Time spent auto-exploring this place.
 F = Levels seen in this place.
 G = Mean time per level.
                   A        B        C        D        E       F      G
               +--------+--------+--------+--------+--------+-----+--------+
         Total |   2649 |   2534 |    115 |    248 |   1838 |   4 |  662.2 |
       Dungeon |   2649 |   2534 |    115 |    248 |   1838 |   4 |  662.2 |
               +--------+--------+--------+--------+--------+-----+--------+

Top non-repeatable levels by time:
     D:2: 788 daAuts
     D:3: 742 daAuts
     D:1: 642 daAuts
     D:4: 476 daAuts
